 Dungeon Crawl Stone Soup version 0.27-a0-1200-g94dc6ad4cf (webtiles) character file.

Game seed: 9095291101985547532

375 avis the Grave Robber (level 6, -1/49 HPs)
             Began as a Deep Dwarf Necromancer on May 30, 2021.
             Killed by divine providence
             ... invoked by an orc priest
              (4 damage)
             ... on level 5 of the Dungeon.
             The game lasted 00:29:06 (4917 turns).

avis the Grave Robber (Deep Dwarf Necromancer)      Turns: 4917, Time: 00:29:07

Health: -1/49      AC: 12    Str: 11    XL:     6   Next: 44%
Magic:  11/11      EV: 10    Int: 18    God:
Gold:   172        SH:  0    Dex: 13    Spells: 7/11 levels left

rFire    . . .     SeeInvis .   a - +1 dagger (venom)
rCold    . . .     Faith    .   (no shield)
rNeg     . . .     Spirit   .   A - +3 ring mail {Will+}
rPois    .         Reflect  .   e - +1 helmet
rElec    .         Harm     .   t - +0 cloak
rCorr    .         Rampage  .   E - +0 pair of gloves
Will     +....                  (no boots)
Stlth    +.........             (no amulet)
HPRegen  0.00/turn              (no ring)
MPRegen  0.12/turn              (no ring)

@: no status effects
A: damage resistance, heal wounds, sense surroundings 1, no regeneration
a: Heal Wounds


You were on level 5 of the Dungeon.
You visited 1 branch of the dungeon, and saw 5 of its levels.

You collected 172 gold pieces.

Inventory:

Hand Weapons
 a - a +1 dagger of venom (weapon)
 b - a +0 hunting sling
 c - a +4 quarterstaff of chaos
 w - a +0 mace of draining
Missiles
 i - 68 stones
 m - 19 sling bullets
 o - 22 bolts
 q - 12 boomerangs
 s - 54 arrows
Armour
 e - a +1 helmet (worn)
 n - a +0 buckler
 r - a +0 leather armour
 t - a +0 cloak (worn)
 A - a +3 ring mail of willpower (worn)
 E - a +0 pair of gloves (worn)
Magical Staves
 x - a staff of poison
Jewellery
 g - a ring of fire
 B - an amulet of regeneration
Wands
 u - a wand of polymorph (4)
 z - a wand of flame (14)
Scrolls
 d - 2 scrolls of vulnerability {unknown}
 h - 2 scrolls of brand weapon {unknown}
 j - a scroll of fog {unknown}
 k - a scroll of fear {unknown}
 l - a scroll of immolation {unknown}
 v - 5 scrolls of teleportation {unknown}
 y - 2 scrolls of noise {unknown}
 G - a scroll of magic mapping {unknown}
Potions
 f - a potion of invisibility {unknown}
 p - a potion of resistance {unknown}
 C - a potion of curing
 D - a potion of haste {unknown}
 F - a potion of ambrosia {unknown}
 H - a potion of brilliance {unknown}


   Skills:
 * Level 0.2 Armour
 - Level 2.1 Dodging
 - Level 2.4 Stealth
 - Level 4.0 Shields
 + Level 3.4 Spellcasting
 + Level 6.2 Necromancy


You had 7 spell levels left.
You knew the following spells:

 Your Spells              Type           Power      Damage    Failure   Level
a - Pain                  Necr           100%       1d9       3%          1
d - Vampiric Draining     Necr           12%        2d7       9%          3

Your spell library contained the following spells:

 Spells                   Type           Power      Damage    Failure   Level
 Animate Skeleton         Necr           50%        N/A       3%          1
 Animate Dead             Necr           12%        N/A       28%         4
 Agony                    Necr           25%        N/A       63%         5
 Confusing Touch          Hex            3%         N/A       75%         3
 Gell's Gravitas          Tloc           1%         N/A       75%         3
 Petrify                  Tmut/Erth      3%         N/A       98%         4
 Metabolic Englaciation   Hex/Ice        1%         N/A       100%        5
 Yara's Violent Unravell  Hex/Tmut       1%         3d3       100%        5


Dungeon Overview and Level Annotations

Branches:
Dungeon (4/15)
 Temple: D:4-7

Altars:

Shops:
D:2 *

Annotations:
D:3 1 runed translucent door, oc3rt's ghost, amateur HuMo


Innate Abilities, Weirdness & Mutations

You are resistant to damage.
You can heal yourself by infusing magical energy.
You passively map a small area around you.
You do not regenerate.


Message History

Found a stone staircase leading down.
There is an open door here.
You open the door.
There is an open door here.
You open the door.
Found a stone staircase leading up.
There is an open door here.
There is a stone staircase leading up here.
G - a scroll labelled EPROBL PEOBREPP You open the door.
There is an open door here.
You open the door.
You fall into a shaft and drop 1 floor!
The shaft crumbles and collapses.
Found a smoky ruby potion.
Found a stone staircase leading down.
H - a smoky ruby potion The frilled lizard hisses angrily. 3 orcs, an orc warrior and an orc priest come into view.
The orc shouts!
The orc warrior shouts!
The frilled lizard unfolds its giant frill.
The orc priest mumbles some strange prayers to Beogh against you.
Beogh smites you!
An orc comes into view. It is wielding a +0 club.
The orc shouts!
Found 8 gold pieces and a small sapphire amulet.
You hit the orc.
The orc is poisoned.
The orc is lightly wounded.
The orc closely misses you.
The orc shouts!
The orc hits you with a +0 club.
The orc priest miscasts a cantrip.
You kill the orc!
The orc warrior hits you from afar with a +0 glaive!
The orc warrior hits you with a +0 glaive!
You barely miss the orc warrior.
The orc warrior hits you with a +0 glaive!
* * * LOW HITPOINT WARNING * * *
The orc priest calls down the wrath of Beogh upon you.
Beogh smites you!
You die...

##.. , #.#* #.######.#
#.. ... *#.#### #.#
".........,,..##.###.#
...#....... ####.....#
.........# #.#####
......#..# #.#
o.o......# #.#
....o....# #.#
$oo...o..# #@# ,
**###.### #o# , *
#.#.#≈# #o# ,
###≈#.#.### #o#
#≈..#.#≈.b####.#
*####l#.#####..o.#
...o#l#...o.o.####
..###.#########
..#≈...≈≈lbb#


You could see an orc warrior, an orc priest and 2 orcs.

Vanquished Creatures
  A black bear (D:4)
  A centaur skeleton (D:3)
  Crazy Yiuf (D:3)
  An orc wizard (D:2)
  Ijyb (D:3)
  Terence (D:3)
  Robin (D:2)
  2 adders
  An adder skeleton (D:4)
  4 worms
  A dart slug (D:3)
  10 orcs
  4 ball pythons
  4 endoplasms
  3 giant cockroaches (D:1)
  15 goblins
  11 hobgoblins
  9 jackals
  4 quokkas
  5 bats
  2 frilled lizards (D:2)
  6 kobolds
  10 rats
98 creatures vanquished.

Vanquished Creatures (others)
  10 fungi (D:5)
  2 plants (D:4)
12 creatures vanquished.

Grand Total: 110 creatures vanquished

Notes
Turn   | Place    | Note
-------+----------+-------------------------------------------
     0 | D:1      | avis the Deep Dwarf Necromancer began the quest for the
                  | Orb.
     0 | D:1      | Reached XP level 1. HP: 15/15 MP: 3/3
   275 | D:1      | Reached XP level 2. HP: 22/22 MP: 1/5
   482 | D:1      | Reached skill level 5 in Necromancy
   757 | D:1      | Reached XP level 3. HP: 19/28 MP: 2/6
  1371 | D:1      | Learned a level 3 spell: Vampiric Draining
  1603 | D:2      | Found a faded altar of an unknown god.
  1740 | D:2      | Found Dentuosk's Assorted Antiques.
  2132 | D:2      | Reached skill level 1 in Shields
  2290 | D:2      | Reached XP level 4. HP: 29/36 MP: 3/7
  2638 | D:3      | Noticed Robin
  2783 | D:2      | Killed Robin
  2962 | D:3      | Reached XP level 5. HP: 41/42 MP: 6/9
  3042 | D:3      | Found a runed translucent door.
  3045 | D:3      | Noticed oc3rt's ghost (amateur HuMo)
  3406 | D:3      | Noticed Terence
  3430 | D:3      | Killed Terence
  3720 | D:3      | Found a runed translucent door.
  3721 | D:3      | Noticed Crazy Yiuf
  3732 | D:3      | Killed Crazy Yiuf
  3733 | D:3      | Reached skill level 6 in Necromancy
  3874 | D:3      | Noticed Ijyb
  3885 | D:3      | Killed Ijyb
  3886 | D:3      | Reached XP level 6. HP: 35/49 MP: 0/10
  4838 | D:4      | You fall into a shaft and drop 1 floor!
  4838 | D:5      | Entered Level 5 of the Dungeon
  4892 | D:5      | Noticed an orc warrior
  4917 | D:5      | Killed from afar by an orc priest

Illustrated notes

Levels and vault maps discovered:
D:1:      heliophobic_arrival_glass_houses, layout_loops_ring
D:2:      layout_basic, basic_ecumenical_altar, serial_shops,
          nicolae_shop_overgrown_old_shop, kennysheep_generic_room_9
D:3:      layout_basic, hellmonk_ghost_happy_afterlife, uniq_terence,
          uniq_robin, uniq_crazy_yiuf_cottage, uniq_ijyb
D:4:      cheibrodos_old_hovel, layout_gridville, grunt_temple_overflow_diamond,
          kennysheep_generic_room_11, uniq_blork_the_orc
D:5:      layout_basic, fedhas_ov_isle_minmay, serial_aquarium,
          aquarium_bridge_square [aquarium_subvault_bridge,
          aquarium_subvault_balcony, aquarium_subvault_balcony,
          aquarium_subvault_bridge], aquarium_window_3, aquarium_window_corner,
          aquarium_view_2f, aquarium_view_2d, minmay_misc_feat_nine_boxes,
          minmay_manual_mess

Skill      XL: |  1  2  3  4  5  6 |
---------------+-------------------+-----
Spellcasting   | 2 3 |  3.4
Necromancy     | 5 6 |  6.2
Shields        | 1 2 3 4 |  4.0
Armour         | |  0.2
Dodging        | |  2.1
Stealth        | |  2.4

Action                   |  1- 3 |  4- 6 || total
-------------------------+-------+-------++-------
Melee: Dagger            |    25 |    88 ||   113
       Short sword       |     7 |       ||     7
       Mace              |       |     7 ||     7
       Quarterstaff      |       |     1 ||     1
 Cast: Pain              |    68 |    25 ||    93
       Vampiric Draining |     8 |    26 ||    34
 Stab: Sleeping          |       |     1 ||     1
Armor: Robe              |     5 |       ||     5
       Leather armour    |       |    32 ||    32
       Ring mail         |       |     6 ||     6
Dodge: Dodged            |    30 |    69 ||    99
Block: Buckler           |       |     4 ||     4

Table legend: (Time is in decaauts)
 A = Elapsed time spent in this place.
 B = Non-inter-level travel time spent in this place.
 C = Inter-level travel time spent in this place.
 D = Time resting spent in this place.
 E = Time spent auto-exploring this place.
 F = Levels seen in this place.
 G = Mean time per level.
                   A        B        C        D        E       F      G
               +--------+--------+--------+--------+--------+-----+--------+
         Total |   4933 |   4670 |    263 |   1482 |   2033 |   5 |  986.6 |
       Dungeon |   4933 |   4670 |    263 |   1482 |   2033 |   5 |  986.6 |
               +--------+--------+--------+--------+--------+-----+--------+

Top non-repeatable levels by time:
     D:3: 1450 daAuts
     D:1: 1436 daAuts
     D:2: 1422 daAuts
     D:4: 545 daAuts
     D:5: 78 daAuts
